 Dungeon Crawl Stone Soup version 0.27-a0-1154-gfdeffcb720 (webtiles) character file.

Game seed: 8221992221793791497

104 robertstho the Magician (level 5, -2/37 HPs)
             Began as a Djinni Fire Elementalist on May 14, 2021.
             Slain by Terence
             ... wielding a +0 vorpal flail
              (9 damage)
             ... on level 3 of the Dungeon.
             The game lasted 00:04:32 (3320 turns).

robertstho the Magician (Djinni Fire Elementalist)  Turns: 3320, Time: 00:04:32

Health: -2/37      AC:  2    Str:  7    XL:     5   Next: 7%
Gold:   75         EV: 12    Int: 18    God:
                   SH:  0    Dex: 13

rFire    + + .     SeeInvis .   l - +2 dagger (protect)
rCold    x . .     Faith    .   (no shield)
rNeg     . . .     Spirit   .   a - +0 robe
rPois    ∞         Reflect  .   (no helmet)
rElec    .         Harm     .   (no cloak)
rCorr    .         Rampage  .   (no gloves)
Will     .....                  (boots unavailable)
Stlth    ++........             (no amulet)
HPRegen  0.12/turn              (no ring)
MPRegen  0.00/turn              (no ring)

@: flying
A: sickness immunity, fire resistance 2, cold vulnerability 1, float, innate
caster, hp casting, extra vitality 1
a: no special abilities


You were on level 3 of the Dungeon.
You visited 1 branch of the dungeon, and saw 3 of its levels.

You collected 75 gold pieces.

Inventory:

Hand Weapons
 d - a +0 hand axe of venom
 l - a +2 dagger of protection (weapon)
Armour
 a - a +0 robe (worn)
Scrolls
 b - a scroll of identify
 c - a scroll of enchant armour
 k - a scroll of teleportation {unknown}
 n - a scroll of silence {unknown}
Potions
 e - a potion of degeneration {unknown}
 g - a potion of resistance {unknown}
 h - a potion of flight {unknown}
 m - a potion of heal wounds {unknown}
 o - a potion of curing {unknown}


   Skills:
 * Level 1.1 Fighting
 + Level 2.5 Dodging
 + Level 1.6 Stealth
 * Level 3.9 Spellcasting


You couldn't memorise any spells.
You knew the following spells:

 Your Spells              Type           Power      Damage    Failure   Level
a - Foxfire               Conj/Fire      68%        2x1d7     3%          1
b - Conjure Flame         Conj/Fire      17%        6-21      9%          3
c - Inner Flame           Hex/Fire       17%        N/A       9%          3
d - Sticky Flame          Conj/Fire      17%        2d4       30%         4
e - Fireball              Conj/Fire      8%         3d6       63%         5
f - Sting                 Tmut/Pois      68%        1d6       3%          1
g - Blink                 Tloc           N/A        N/A       4%          2
Your spell library was empty.

Dungeon Overview and Level Annotations

Branches:
Dungeon (3/15)

Altars:

Annotations:
D:3 Terence


Innate Abilities, Weirdness & Mutations

You are immune to sickness and miasma.
You are immune to poison.
Your flesh is very heat resistant. (rF++)
You are vulnerable to cold. (rC-)
You float through the air rather than walking.
You learn spells naturally, not from books.
Your magical power is your life essence.
You have superior vitality. (+4 HP)


Message History

Press: ? - help, Q - select action, (/) - cycle Dir - look around, f - activate You conjure some foxfire!
The foxfire hits Terence but does no damage. x2
Unknown command.
Casting: Foxfire (safe; 3% risk of failure)
Press: ? - help, Q - select action, (/) - cycle Dir - look around, f - activate You conjure some foxfire!
The foxfire hits Terence but does no damage. x2
Unknown command.
Casting: Foxfire (safe; 3% risk of failure)
Confirm with . or Enter, or press ? or * to list all spells.
The spell is extremely dangerous to cast (30% risk of failure)!
Continue anyway? [Y]es or [N]o only, please.
The spell is extremely dangerous to cast (30% risk of failure)!
Continue anyway?
Okay, then.
Unknown command.
As you read the scroll labelled TYTISI TOUPTONOLE, it crumbles to dust.
It is a scroll of identify.
c - a scroll of enchant armour The foxfire hits Terence.
Terence completely resists.
The foxfire hits Terence but does no damage.
Terence hits you with a +0 vorpal flail.
As you read the scroll labelled XAEPUKUILO, it crumbles to dust.
You hear a loud clanging noise!
It was a scroll of noise.
You hear a shout! x6
Terence hits you with a +0 vorpal flail!
As you read the scroll labelled FUURAE QEIL, it crumbles to dust.
The creatures around you are filled with an inner flame!
It was a scroll of immolation.
Terence hits you with a +0 vorpal flail!
* * * LOW HITPOINT WARNING * * *
x2 The orc hits you with a +0 club.
* * * LOW HITPOINT WARNING * * *
As you read the scroll labelled EPTAH UPHUSMUG, it crumbles to dust.
It is a scroll of brand weapon.
Your +0 hand axe drips with poison.
d - a +0 hand axe of venom Terence hits you with a +0 vorpal flail!
You die...

#o..####.. #.o......
..o...o.# ######.#
###....#.### .
#..........# ...
#.....##o#.#....
#......o@#......
#.......@.......
#..............#
#..............#
##.....###.......
#......########.........
#............##......#..
#...............)......
#...##.......##..(...# ...
#...##.......##.†..).#....


You could see Terence (inner flame), an orc wizard (inner flame) and 2 orcs.

Vanquished Creatures
  Natasha (D:3)
  An adder (D:2)
  3 worms (D:2)
  2 dart slugs
  An orc (D:3)
  4 ball pythons
  4 endoplasms
  A giant cockroach (D:2)
  6 goblins
  8 hobgoblins
  7 jackals
  4 kobolds
  2 quokkas
  3 bats
  A frilled lizard (D:1)
  A rat (D:1)
49 creatures vanquished.

Vanquished Creatures (others)
  192 foxfires
192 creatures vanquished.

Grand Total: 241 creatures vanquished

Notes
Turn   | Place    | Note
-------+----------+-------------------------------------------
     0 | D:1      | robertstho the Djinni Fire Elementalist began the quest for
                  | the Orb.
     0 | D:1      | Reached XP level 1. HP: 15/15 MP: 0/0
   211 | D:1      | Reached XP level 2. HP: 10/21 MP: 0/0
   918 | D:1      | Reached XP level 3. HP: 24/26 MP: 0/0
   918 | D:1      | Learned a level 1 spell: Sting
  1017 | D:1      | Found a faded altar of an unknown god.
  1122 | D:1      | Reached skill level 3 in Spellcasting
  2108 | D:2      | Reached XP level 4. HP: 19/31 MP: 0/0
  2137 | D:2      | Reached skill level 1 in Fighting
  3235 | D:3      | Noticed Natasha
  3239 | D:3      | Killed Natasha
  3240 | D:3      | Reached XP level 5. HP: 33/37 MP: 0/0
  3240 | D:3      | Learned a level 2 spell: Blink
  3307 | D:3      | Noticed Terence
  3320 | D:3      | Slain by Terence

Illustrated notes

Levels and vault maps discovered:
D:1:      dpeg_arrival_court, layout_loops_ring, chequers_ecumenical_altar_grove
D:2:      layout_loops_corners
D:3:      layout_basic, uniq_crazy_yiuf_cottage, uniq_terence, uniq_natasha,
          uniq_grinder

Skill      XL: |  1  2  3  4 |
---------------+-------------+-----
Spellcasting   | 3 |  3.9
Fighting       | 1 |  1.1
Dodging        | |  2.5
Stealth        | |  1.6

Action                   |  1- 3 |  4- 6 || total
-------------------------+-------+-------++-------
Melee: Hand axe          |     4 |       ||     4
 Cast: Foxfire           |    72 |    53 ||   125
  Use: Scroll            |       |     4 ||     4
 Stab: Sleeping          |     1 |       ||     1
Armor: Robe              |     6 |       ||     6
Dodge: Dodged            |    17 |     3 ||    20

Table legend: (Time is in decaauts)
 A = Elapsed time spent in this place.
 B = Non-inter-level travel time spent in this place.
 C = Inter-level travel time spent in this place.
 D = Time resting spent in this place.
 E = Time spent auto-exploring this place.
 F = Levels seen in this place.
 G = Mean time per level.
                   A        B        C        D        E       F      G
               +--------+--------+--------+--------+--------+-----+--------+
         Total |   3319 |   3284 |     35 |      0 |   2966 |   3 | 1106.3 |
       Dungeon |   3319 |   3284 |     35 |      0 |   2966 |   3 | 1106.3 |
               +--------+--------+--------+--------+--------+-----+--------+

Top non-repeatable levels by time:
     D:1: 1547 daAuts
     D:2: 1429 daAuts
     D:3: 342 daAuts
